Map: Oceanborn LE

Players

SubN - Winner!

  • Race: Zerg Zerg
  • League: Diamond
  • Spawn Location: 11:00

Álex

  • Race: Zerg Zerg
  • Spawn Location: 5:00

VOD

Have the link to the VOD?

Description

Time

  • Played on: Dec. 30, 2023, 6:13 p.m.
  • Length: 9:26
Show
View Real Time Build Order
Export as new Build Order

SubN Zerg - Winner!

Build Orders: Pool First 

Get SALT Encoding   

  12  0:00  Drone  
  13  0:12  Overlord  
  13  0:17  Drone  
  14  0:30  Drone x2  
  14  0:34  Drone  
  17  0:45  Extractor  
  17  0:48  Drone  
  17  0:50  Spawning Pool  
  17  0:56  Drone  
  17  1:06  Drone  
  18  1:19  Hatchery  
  18  1:22  Drone  
  18  1:29  Drone  
  19  1:37  Queen  
  21  1:40  Zergling x2  
  22  2:01  Hatchery  
  22  2:06  Drone  
  22  2:10  Metabolic Boost  
  22  2:17  Overlord  
  22  2:24  Overlord  
  21  2:40  Queen  
  23  2:44  Drone x3  
  23  2:48  Drone x2  
  28  2:53  Drone x2  
  28  2:58  Drone  
  31  2:59  Drone  
  32  3:10  Zergling x4  
  34  3:16  Overlord  
  34  3:18  Zergling x4  
  36  3:20  Queen  
  38  3:29  Drone x3  
  38  3:30  Drone x2  
  43  3:40  Drone  
  43  3:41  Drone x2  
  46  3:47  Drone x3, Extractor  
  48  3:48  Extractor  
  48  3:52  Drone x3  
  50  3:59  Roach Warren  
  50  4:01  Evolution Chamber  
  50  4:02  Evolution Chamber  
  47  4:04  Queen  
  47  4:07  Drone x2  
  51  4:11  Drone  
  51  4:14  Drone  
  51  4:15  Drone x2  
  51  4:16  Drone x2  
  57  4:29  Zergling x2  
  57  4:31  Overlord x3  
  58  4:34  Lair  
  58  4:36  Zerg Missile Weapons Level 1  
  58  4:43  Overlord x2  
  58  4:50  Drone  
  58  4:52  Drone x2  
  61  4:53  Drone x2  
  61  4:56  Drone x3, Extractor  
  61  4:58  Drone x3  
  68  5:01  Zerg Ground Armor Level 1  
  68  5:04  Overlord  
  68  5:29  Drone x8  
  68  5:32  Extractor  
  68  5:33  Glial Reconstitution, Extractor  
  68  5:35  Roach x4  
  82  5:36  Roach x4  
  82  5:42  Overlord x2  
  90  5:48  Roach x3  
  94  5:56  Drone x2  
  96  5:59  Roach x4  
  96  6:02  Ravager x2  
  96  6:04  Ravager  
  107  6:12  Drone  
  107  6:13  Drone x2  
  107  6:17  Drone  
  111  6:19  Overlord x3  
  111  6:21  Ravager  
  111  6:22  Ravager x2  
  114  6:30  Overlord x3  
  114  6:31  Overlord  
  114  6:32  Roach  
  118  6:33  Roach x2  
  118  6:38  Zerg Missile Weapons Level 2  
  120  6:55  Roach  
  120  6:56  Roach x9  
  140  7:04  Hatchery  
  140  7:07  Zerg Ground Armor Level 2  
  139  7:20  Roach  
  139  7:21  Roach x8  
  157  7:26  Overseer  
  157  7:33  Roach x6  
  169  7:50  Overlord x7  
  169  7:58  Overlord x2  
  169  8:13  Roach  
  169  8:14  Roach x11  
  193  8:20  Ravager  
  193  8:21  Ravager x5  
  191  8:59  Roach  
  191  9:00  Roach x8  
Show
View Real Time Build Order
Export as new Build Order

Álex Zerg 

Build Orders: Hatch First 

Get SALT Encoding   

  12  0:02  Drone  
  13  0:15  Overlord  
  14  0:21  Drone  
  14  0:33  Drone x2  
  16  0:51  Hatchery  
  16  0:57  Drone  
  16  0:59  Drone  
  16  1:01  Drone  
  18  1:13  Extractor  
  18  1:17  Spawning Pool  
  16  1:21  Drone  
  16  1:23  Drone  
  18  1:30  Drone  
  19  1:42  Overlord  
  19  2:03  Queen x2  
  19  2:04  Zergling x2  
  19  2:05  Zergling x2, Drone  
  26  2:14  Drone x2  
  28  2:20  Metabolic Boost  
  28  2:29  Drone x2  
  30  2:46  Hatchery  
  29  2:52  Drone x4  
  29  2:56  Overlord  
  33  3:06  Queen  
  33  3:10  Overlord  
  35  3:20  Zergling x4  
  35  3:21  Zergling x2  
  35  3:22  Drone x3  
  35  3:24  Drone  
  42  3:29  Evolution Chamber  
  42  3:31  Evolution Chamber  
  39  3:43  Drone x4  
  42  3:49  Roach Warren  
  41  3:58  Drone x2  
  41  3:59  Queen  
  41  4:00  Overlord x2  
  45  4:16  Extractor  
  44  4:17  Lair  
  44  4:18  Extractor  
  44  4:20  Drone x3  
  44  4:21  Extractor  
  44  4:22  Drone x2  
  44  4:23  Drone  
  48  4:34  Drone x2  
  48  4:35  Drone x3  
  48  4:36  Drone  
  55  4:38  Drone x3  
  57  4:51  Drone  
  57  4:52  Drone x3  
  61  4:53  Overlord x2  
  61  5:06  Roach x6  
  73  5:13  Roach x3  
  78  5:19  Roach x4  
  84  5:25  Roach x2  
  88  5:33  Drone  
  88  5:34  Overlord x3  
  89  5:49  Ravager  
  90  5:54  Roach x2  
  90  5:55  Ravager x3  
  97  5:58  Drone x4  
  97  6:03  Zerg Missile Weapons Level 1  
  101  6:11  Hatchery  
  100  6:12  Roach x2  
  100  6:13  Roach x3  
  100  6:17  Drone x3  
  113  6:21  Extractor  
  113  6:23  Extractor  
  111  6:29  Overseer  
  111  6:30  Roach  
  111  6:31  Overlord x3  
  113  6:36  Infestation Pit  
  112  6:41  Hydralisk Den  
  112  6:45  Roach  
  112  6:46  Overlord x3  
  113  6:48  Drone  
  113  6:50  Drone x3  
  113  6:52  Drone  
  113  6:53  Drone  
  119  7:00  Zerg Ground Armor Level 1  
  119  7:09  Roach x7  
  133  7:21  Roach x2  
  133  7:22  Roach x3  
  143  7:23  Queen  
  143  7:25  Drone x2  
  147  7:33  Roach  
  147  7:34  Roach x5  
  147  7:36  Overlord  
  159  7:43  Overlord x3  
  159  8:01  Roach  
  159  8:02  Ravager x2, Roach x4  
  159  8:03  Ravager x4  
  175  8:13  Drone x8  
  183  8:21  Hatchery  
  182  8:30  Drone x3, Spine Crawler  
  182  8:32  Spine Crawler  
  180  8:46  Hydralisk x3  
  180  8:47  Hydralisk, Roach x3  
  165  9:00  Hydralisk x2  
  165  9:01  Roach x2  
Tags
 
League
Diamond
Matchup
ZvZ
Race
Zerg
Replay Pack
2025 replay dump
Spawn Locations
Cross Positions
Add a new tag
Caveats
  • Supply blocks, unpowered buildings, or Contaminate may cause inaccurate times.
  • Supply counts are checked every 10 seconds.